 Dungeon Crawl Stone Soup version 0.8.0-a0-2564-ga4ead3e character file.

1311182 dtsund the Ripper (level 26, 124/129 HPs)
             Began as a Felid Transmuter on Nov 21, 2010.
             Was a High Priest of Nemelex Xobeh.
             Escaped with the Orb
             ... and 3 runes (of 3 types) on Nov 24, 2010!
             The game lasted 10:21:47 (115528 turns).

dtsund the Ripper (Felid Transmuter)              Turns: 115528, Time: 10:21:47

HP 124/129       AC  5     Str 12 Exp: 26/1144925 (1997), need: 42274
MP  27/43        EV 33     Int 22 (23) God: Nemelex Xobeh [*****.]
Gold 1773        SH  2     Dex 21      Spells: 15 memorised,  2 levels left
Lives: 2, deaths: 3

Res.Fire  : + . .   See Invis. : +     - Unarmed
Res.Cold  : + . .   Warding    : .   (armour unavailable)
Life Prot.: . . .   Conserve   : .   (shield unavailable)
Res.Poison: +       Res.Corr.  : .   (helmet unavailable)
Res.Elec. : .       Clarity    : .   (cloak unavailable) Spirit.Shd: . Stasis : .
                                     (gloves unavailable)
Sust.Abil.: . .     Rnd.Telep. : .   (boots unavailable)
Res.Mut.  : +       Ctrl.Telep.: .   y - amulet of resist mutation
Res.Rott. : .       Levitation : .   k - ring of protection from fire
Saprovore : . . .   Ctrl.Flight: .   f - ring of Ephemeral Luck {rPois Str+3 Int+4}

@: blade paws (expires), very slightly glowing, hasted, very quick,
extraordinarily resistant to hostile enchantments, extremely stealthy
A: paw claws, no armour, no advanced items, fangs 3, see invisible, carnivore 3,
deformed body 1, speed 1, slow metabolism 2, AC +5, SH +2
a: End Transformation, Draw One, Peek at Two, Triple Draw, Mark Four, Stack
Five, Renounce Religion


You escaped.
You worshipped Nemelex Xobeh.
Nemelex Xobeh was exalted by your worship.
You were not hungry.
Your front paws were blades.
You visited 10 branches of the dungeon, and saw 66 of its levels.
You visited 1 Labyrinth.
You visited 2 bazaars.
You visited 4 portal chambers: sewer, spiders nest, bailey, trove.

You collected 7142 gold pieces.
You spent 5389 gold pieces at shops.

Inventory:

Comestibles
 h - 2 royal jellies
Scrolls
 j - 2 scrolls of blinking
 o - 2 scrolls of teleportation
 t - 2 scrolls of remove curse
 J - a scroll of fog
 Q - a scroll of identify
Jewellery
 f - the ring of Ephemeral Luck (left paw) {rPois Str+3 Int+4}
   (You found it in a treasure trove)

   [ring of poison resistance]

   It affects your strength (+3).
   It affects your intelligence (+4).
 i - an uncursed ring of protection from cold
 k - a ring of protection from fire (right paw)
 m - a +5 ring of evasion
 p - the ring of Absolutism {+Lev Int+5}
   (You acquired it on level 5 of the Vaults)

   [ring of levitation]

   It affects your intelligence (+5).
 v - an uncursed amulet of guardian spirit
 w - an uncursed ring of protection from magic
 y - an amulet of resist mutation (around neck)
 z - an uncursed ring of protection from cold
 A - a cursed ring of protection from magic
 B - an uncursed amulet of warding
 E - an uncursed ring of wizardry
 F - an uncursed ring of regeneration
 G - an uncursed amulet of clarity
 H - an uncursed ring of life protection
 N - an uncursed amulet of conservation
 S - an uncursed ring of protection from fire
Potions
 e - 11 potions of healing
 g - 3 potions of speed
 n - 4 potions of magic
 C - 8 potions of heal wounds
 R - 2 potions of resistance
 T - 3 potions of agility
Orbs of Power
 W - the Orb of Zot
Miscellaneous
 b - an ornate deck of dungeons {drawn: 4} {god gift}
 c - a legendary deck of summonings {drawn: 1} {god gift}
 d - an ornate deck of summonings {god gift}
 l - an ornate deck of summonings {drawn: 1} {god gift}
 q - a legendary deck of destruction {drawn: 12} {god gift}
 r - an ornate deck of summonings {drawn: 2} {god gift}
 u - an ornate deck of summonings {god gift}
 x - an ornate deck of summonings {drawn: 1} {god gift}
 D - a crystal ball of energy
 I - a barnacled rune of Zot
 K - a legendary deck of summonings {drawn: 2} {god gift}
 L - a plain deck of summonings {drawn: 1} {god gift}
 M - a legendary deck of escape {drawn: 9} {god gift}
 O - a legendary deck of escape {the Warp, left: 5} {god gift}
 P - a silver rune of Zot
 U - a serpentine rune of Zot
 V - an ornate deck of summonings {drawn: 2} {god gift}
 X - a legendary deck of summonings {drawn: 2} {god gift}
 Y - an ornate deck of destruction {drawn: 1} {god gift}
 Z - a legendary deck of escape {Velocity, left: 4} {god gift} You had 1997 experience left.


   Skills:
 + Level 12 Fighting
 + Level 2 Maces & Flails
 + Level 6 Staves
 - Level 1 Throwing
 + Level 15 Dodging
 - Level 13 Stealth
 - Level 5 Stabbing
 + Level 1 Shields
 + Level 5 Traps & Doors
 + Level 20 Unarmed Combat
 + Level 14 Spellcasting
 + Level 10 Conjurations
 + Level 15 Enchantments
 - Level 4 Summonings
 + Level 8 Necromancy
 + Level 8 Translocations
 + Level 15 Transmutations
 - Level 5 Fire Magic
 + Level 9 Air Magic
 + Level 2 Poison Magic
 + Level 9 Evocations


You had 2 spell levels left.
You knew the following spells:

 Your Spells              Type           Power        Success   Level  Hunger
a - Fulsome Distillation  Trmt/Necr      N/A          Excellent   1    None
b - Blink                 Tloc           N/A          Great       2    None
c - Flight Air/Ench       #######...     Very         Good        4    None
d - Deflect Missiles      Air/Ench       #######...   Fair        6    Honeycomb
e - Insulation Air/Ench   #######...     Very         Good        4    None
f - Blade Hands           Trmt           #######...   Great       5    Choko
g - Dig                   Erth/Trmt      ######...    Good        4    None
h - Teleport Self         Tloc           N/A          Fair        5    Choko
i - Animate Skeleton      Necr           N/A          Great       1    None
j - Apportation           Tloc           #######...   Great       1    None
k - Control Teleport Ench/Tloc #######...     Very         Good        4    None
l - Summon Butterflies Summ #####.....     Very         Good        1    None
m - Haste Ench            #######..      Very         Good        6    Honeycomb
n - Swiftness             Air/Ench       #######...   Great       2    None
I - Borgnjor's Revivific  Necr           #######...   Fair        5    Choko

Dungeon Overview and Level Annotations

Branches:
Dungeon (27/27)            Temple (1/1) D:6             Orc (4/4) D:7
   Lair (8/8) D:10         Shoals (5/5) Lair:5        Slime (0/6) Lair:6
  Snake (5/5) Lair:3         Hive (2/2) D:14          Vault (8/8) D:15
  Blade (0/1) Vault:5       Crypt (1/5) Vault:4         Zot (5/5) D:27
    Elf: Orc:3-4

Altars:
Cheibriados
Kikubaaqudgha
Makhleb
Nemelex Xobeh
Okawaru
Sif Muna
The Shining One
Trog
Vehumet
Xom
Yredelemnul
Zin

Shops:
D:4: [ D:6: [ D:10: ( D:12: (( D:14: / D:23: ** D:26: !(% D:27: [ Orc:4: ( Vault:2: ?!%[/ Vault:3: * Vault:6: [

Portals:
Hell: D:21 D:22 D:23 D:24 D:25 D:26 D:27
Abyss: D:21 D:22 D:25 D:26
Pan: D:24
Ziggurat: D:9 (5530 gp)

Annotations
D:16 exclusions: 12 flame clouds and 13 freezing vapour clouds
Shoals:3 exclusion: oklob plant
Snake:1 1 exclusion
Snake:5 Saint Roka
Vault:1 exclusion: 9 flame clouds
Vault:6 exclusion: 39 flame clouds
Zot:5 exclusions: 28 flame clouds and 1 more exclusion


Innate Abilities, Weirdness & Mutations

You cannot wear armour.
You are incapable of any advanced item manipulation.
Your paws have sharp claws.
You have razor-sharp teeth.
You have supernaturally acute eyesight.
You are carnivorous and can eat meat at any time.
You cover ground quickly.
Your thick and shaggy fur keeps you warm (AC +3, rC+).
You have a slow metabolism.
You are partially covered in large bone plates (AC +2, SH +2).
Armour fits poorly on your unusually shaped body.


Message History

The 3 meat rations disappear without a glow.
Your prayer is over.
Eat which item? (? for menu, Esc to quit)
Okay, then.
Your transformation is almost over.
Are you sure you want to leave the Dungeon?
You have escaped!

#.# #.# #.#
#############.######## #.#
#..................... #.#
#.###########.########
####.######.#.....#####.#
............#..}.....##.#
####.#######..........#.# #.#
#.#......#.....#
####.#####.....@..###..[########
.(..........#..<..# ##..........
####.#####.....<..###...########
#.# #.#......#.....# #.#
####.........#.# #.#
#..}.....##.# #.# #.....####..#
#.# ####### #..## #.# #.##


There were no monsters in sight!

Vanquished Creatures
  An ancient lich (D:16)
  Saint Roka (Snake:5)
  Boris (D:20)
  Norris (D:15)
  Frederick (D:21)
  Nikola (Snake:1)
  3 shadow dragons
  5 storm dragons
  A sphinx (Vault:7)
  A lich (D:16)
  A Daeva (D:27)
  Frances (Vault:3)
  Aizul (Shoals:4)
  Donald (Snake:5)
  A bone dragon (Zot:3)
  2 draconian knights (Zot:1)
  A quicksilver dragon zombie (Crypt:1)
  4 frost giants
  A draconian annihilator (Zot:1)
  A fire giant (shapeshifter) (D:23)
  4 tentacled monstrosities
  2 fire giants (D:27)
  A Pit Fiend (D:1)
  2 draconian shifters (Zot:1)
  The ghost of Lemuel the Markscentaur, a powerful CeHu of Okawaru (D:14)
  10 stone giants
  3 grey draconians (Zot:1)
  A green draconian (Zot:1)
  A mottled draconian (Zot:2)
  2 black draconians
  4 red draconians (Zot:1)
  7 greater nagas (Snake:5)
  2 pale draconians
  A yellow draconian (Zot:1)
  A purple draconian (Zot:5)
  A titan zombie (D:15)
  3 great orbs of eyes
  18 yaktaur captains
  A salamander (D:24)
  A minotaur (Lab)
  5 vault guards (D:17)
  A death cob (Zot:1)
  3 dragons
  A siren (Shoals:3)
  A siren (shapeshifter) (D:27)
  Josephine (D:12)
  11 hydras
  2 merfolk aquamancers (Shoals:5)
  Harold (D:10)
  4 merfolk javelineers (Shoals:5)
  2 ice dragons
  9 anacondas
  Polyphemus (Shoals:1)
  A sphinx zombie (Vault:7)
  10 ogre magi
  A rakshasa (D:17)
  12 death yaks
  A frost giant zombie (Vault:7)
  Nergalle (Snake:4)
  A merfolk impaler (Shoals:4)
  4 deep trolls (D:25)
  22 centaur warriors
  An orc high priest (Vault:6)
  3 emperor scorpions (Port)
  A very ugly thing (D:19)
  4 iron golems (D:16)
  A frost giant skeleton (D:24)
  4 fire giant skeletons
  2 iron trolls
  2 vapours (D:20)
  2 stone giant skeletons
  7 griffons
  Erolcha (D:10)
  4 hell knights (D:21)
  5 deep elf knights
  9 skeletal warriors
  6 flayed ghosts
  An unseen horror (D:17)
  11 naga warriors
  5 sea snakes
  6 giant amoebae
  2 storm dragon skeletons
  An iron troll zombie (Vault:4)
  15 orc knights
  Pikel (D:7)
  2 wizards
  16 harpies
  A guardian serpent (Snake:1)
  28 hill giants
  5 crystal golems
  A hill giant (shapeshifter) (D:26)
  A cyclops (shapeshifter) (D:27)
  4 orc sorcerers
  5 dancing weapons
  A hydra skeleton (D:12)
  3 iron troll skeletons
  18 cyclopes
  A phantasmal warrior (D:27)
  2 portal mimics
  5 moths of wrath
  3 oklob plants
  A griffon zombie (D:17)
  7 stone golems
  13 mimics
  2 necromancers (D:21)
  A wolf spider (shapeshifter) (Vault:4)
  4 trap mimics
  A sphinx simulacrum (D:21)
  4 spiny worms
  A beast (D:10)
  A griffon skeleton (D:19)
  A stair mimic (Vault:1)
  2 trapdoor spiders
  8 wolf spiders
  26 elephants
  A shop mimic (D:13)
  53 slime creatures
  2 queen ants
  A slime creature (shapeshifter) (Vault:7)
  30 black mambas
  A dragon skeleton (D:15)
  An ice dragon skeleton (Vault:3)
  An efreet (Vault:3)
  A hellwing (Vault:3)
  16 spiny frogs
  7 mermaids
  Psyche (D:12)
  A harpy simulacrum (Vault:1)
  A grizzly bear (Lair:7)
  28 yaktaurs
  3 naga magi
  3 queen bees
  11 rock trolls
  A troll (shapeshifter) (D:18)
  114 ugly things
  Sonja (D:12)
  7 komodo dragons
  A polar bear (D:12)
  An agate snail zombie (D:20)
  17 two-headed ogres
  A deep troll zombie (D:18)
  9 trolls
  9 redbacks
  Grinder (D:9)
  13 snapping turtles
  19 giant toads
  A bumblebee (Lair:1)
  3 ettins
  3 rock troll skeletons
  A deep troll skeleton (D:17)
  3 vampires
  3 wyverns
  2 elephant zombies
  A shark (Shoals:4)
  A deep elf conjurer (D:21)
  15 blink frogs
  A demonic crawler (Port)
  4 toenail golems (D:16)
  5 vipers
  A wraith (Vault:1)
  28 merfolk
  A giant blowfly zombie (D:14)
  47 yaks
  7 hippogriffs
  Grum (Orc:3)
  4 clay golems (D:16)
  A ynoxinul (Vault:4)
  A neqoxec (Vault:3)
  4 wood golems (D:16)
  A fire drake (Lair:4)
  A hog skeleton (Crypt:1)
  A blink frog skeleton (D:14)
  A deep elf summoner (Vault:3)
  9 manticores
  5 deep elf fighters
  A hog (Vault:4)
  6 necrophages
  5 giant blowflies
  2 mottled dragons
  2 yaktaur zombies
  2 hungry ghosts
  12 war dogs
  A rock worm (Vault:4)
  A giant slug (shapeshifter) (D:27)
  24 soldier ants
  A cyclops zombie (D:16)
  A jumping spider zombie (Crypt:1)
  4 giant goldfish
  3 jumping spiders (Port)
  3 yaktaur skeletons
  3 freezing wraiths (D:26)
  21 insubstantial wisps
  56 orc warriors
  7 sky beasts
  A yellow wasp (D:8)
  2 black bears
  3 deep elf priests
  2 cyclops skeletons
  A redback simulacrum (D:15)
  An ettin zombie (Vault:3)
  88 nagas
  10 crocodiles
  3 ice beasts
  A kenku (shapeshifter) (Vault:1)
  A slave (D:7)
  A red devil (Vault:3)
  2 phantoms
  36 ogres
  2 troll skeletons
  A centaur (shapeshifter) (D:17)
  A lava worm (D:24)
  38 water moccasins
  7 wolves
  3 boring beetles
  15 wargs
  8 gila monsters
  4 deep elf magi
  Sigmund (D:3)
  5 big kobolds
  A brain worm (Vault:1)
  7 giant slugs
  9 tarantellas (Port)
  2 rotting devils (D:14)
  32 centaurs
  18 giant frogs
  7 agate snails
  4 giant leeches (Lair:8)
  Blork the orc (D:7)
  A giant frog skeleton (D:12)
  An eye of draining (shapeshifter) (D:19)
  5 wights
  7 boulder beetles
  226 killer bees
  9 jellyfish
  2 shadows
  2 giant beetles
  14 imps
  A mottled dragon zombie (Vault:1)
  A big kobold zombie (D:18)
  21 hounds
  5 electric eels
  7 big fish
  4 big kobold skeletons
  2 quasits
  A scorpion (shapeshifter) (Vault:2)
  A hound skeleton (D:6)
  22 humans
  26 orc priests
  30 orc wizards
  A giant ant zombie (D:8)
  7 iguanas
  8 scorpions
  43 giant ants
  2 deep elf soldiers (Vault:4)
  34 sheep
  Ijyb (D:2)
  Jessica (D:3)
  3 boggarts (Vault:4)
  3 jellies
  A mummy (D:17)
  21 gnolls
  A lemure (D:24)
  2 midges
  A giant centipede zombie (D:12)
  40 green rats
  37 snakes
  4 giant mites
  19 giant centipedes
  An iguana zombie (D:10)
  A snake skeleton (D:4)
  7 giant mosquitos (Lair:8)
  6 worms
  A shadow imp (Vault:3)
  3 ufetubi (Vault:3)
  A giant bat zombie (D:5)
  6 giant eyeballs
  3 giant geckos
  41 giant bats
  10 giant cockroaches
  32 goblins
  94 grey rats
  19 hobgoblins
  17 jackals
  183 orcs
  17 quokkas
  4 small snakes
  A giant gecko skeleton (D:12)
  11 giant newts
  A jackal skeleton (D:5)
  53 killer bee larvae
  68 kobolds
  29 rats
  2 rat skeletons
  A bush (D:6)
  A butterfly (Shoals:1)
  A fungus (Lair:5)
  17 plants
  18 toadstools
2704 creatures vanquished.

Vanquished Creatures (collateral kills)
  Mara (Vault:4)
  Margery (D:21)
  Mennas (D:21)
  2 illusory
  Maras (Vault:4)
  Rupert (Snake:4)
  A frost giant (D:15)
  Gastronok (Lair:8)
  Maud (Lair:5)
  A greater naga (Snake:5)
  Jozef (D:10)
  The ghost of sanka the Grappler, a powerful TrMo of Makhleb (Orc:4)
  Snorg (Snake:2)
  5 hydras
  Erica (Lair:5)
  A sphinx zombie (Vault:5)
  2 death yaks (Lair:7)
  2 emperor scorpions (Port)
  A deep elf knight (D:25)
  The ghost of Leibowitz the Stinger, an experienced KoVM of Vehumet (D:9)
  The ghost of Sticking the Reanimator, an experienced KoNe of Sif Muna (D:10)
  3 oklob plants
  An orc knight (Vault:4)
  2 hill giants
  3 dancing weapons
  4 cyclopes
  Maurice (D:10)
  An elephant slug (Lair:6)
  5 elephants
  3 slime creatures (D:21)
  A yaktaur (D:20)
  4 spiny frogs
  A hill giant zombie (D:15)
  4 ugly things
  A queen bee (Lair:1)
  4 blink frogs (Lair:8)
  5 giant toads
  A wyvern (Lair:5)
  3 bumblebees
  A wraith (D:10)
  2 bears (D:9)
  A merfolk (Shoals:4)
  2 fire drakes
  A hippogriff (Lair:7)
  A mottled dragon (Vault:5)
  A giant blowfly (Lair:8)
  A manticore (D:10)
  2 cyclops zombies (D:15)
  2 orc warriors (Vault:4)
  4 insubstantial wisps
  2 yellow wasps
  A cyclops skeleton (D:9)
  A slave (D:7)
  A deep elf priest (D:21)
  An ice beast (D:10)
  5 giant goldfish
  A black bear (D:26)
  9 nagas
  A yak skeleton (Lair:8)
  A crocodile (Lair:7)
  A boring beetle (D:21)
  A deep elf mage (D:21)
  3 giant frogs
  6 water moccasins
  A giant leech (Lair:8)
  2 agate snails
  8 killer bees
  3 jellyfish
  A wight (D:10)
  6 electric eels
  A giant beetle (D:10)
  2 hounds
  3 orc priests
  A deep elf soldier (D:21)
  An orc wizard (D:7)
  12 scorpions (Port)
  3 big fish
  A giant ant (D:8)
  A sheep (Lair:8)
  2 jellies
  A gnoll (D:5)
  6 giant centipedes (Port)
  5 green rats (Lair:6)
  7 snakes
  A giant mite (D:5)
  A worm (D:27)
  14 grey rats
  A giant bat (Lair:6)
  A hobgoblin (D:10)
  23 orcs
  A goblin (D:5)
  A killer bee larva (Hive:2)
  A kobold (D:10)
  A small snake (Snake:2)
  2 butterflies
  6 plants
  2 toadstools (D:20)
248 creatures vanquished.

Vanquished Creatures (others)
  A storm dragon (Zot:2)
  A Green Death (Snake:5)
  A deep elf sorcerer (D:16)
  A Cacodemon (Vault:4)
  6 very ugly things
  5 skeletal warriors
  A vapour (Snake:5)
  A soul eater (Snake:5)
  28 dancing weapons
  A red wasp (Vault:6)
  12 spiny frogs
  A tormentor (Shoals:5)
  3 hellwings
  12 slime creatures
  An emperor scorpion zombie (Port)
  2 griffon skeletons
  A giant toad skeleton (Lair:8)
  15 ugly things
  3 komodo dragons
  6 polar bears
  A sixfirhy (D:20)
  A spiny frog skeleton (Lair:8)
  2 grizzly bears
  26 bumblebees
  A snapping turtle skeleton (Shoals:3)
  2 ynoxinuls
  A deep elf conjurer (D:21)
  An elephant skeleton (Lair:6)
  7 hogs
  4 yaks
  5 war dogs
  A deep elf fighter (D:25)
  3 neqoxecs
  A komodo dragon skeleton (Lair:6)
  6 soldier ants
  14 insubstantial wisps
  4 black bears (Snake:1)
  A yak zombie (Lair:8)
  A centaur (Vault:7)
  A slave (D:7)
  2 boring beetles
  A yak skeleton (Lair:1)
  27 yellow wasps
  A gila monster (Snake:1)
  A giant frog (D:16)
  2 wolves
  A killer bee (Lair:1)
  6 imps
  2 iron imps
  4 hounds
  A naga zombie (Snake:5)
  A deep elf soldier (D:21)
  A big fish zombie (Lair:8)
  A big fish skeleton (Lair:8)
  5 sheep
  An electric eel zombie (Lair:8)
  6 lemures
  A green rat (Lair:2)
  4 midges
  3 shadow imps
  7 giant centipede zombies (Port)
  6 white imps
  An electric eel skeleton (Lair:8)
  A snake (D:12)
  A giant mosquito (Lair:8)
  31 ufetubi
  A giant bat (D:7)
  A grey rat (Lair:1)
  A hobgoblin (D:7)
  3 orcs
  A giant newt (D:2)
  A giant spore (D:12)
  An orc zombie (Orc:4)
  3 rats
  2 bushes (Lair:8)
  A butterfly (Lair:6)
  18 fungi
  42 plants
  4 tentacles (Shoals:3)
  97 tentacle segments (Shoals:3)
  42 toadstools
521 creatures vanquished.

Grand Total: 3473 creatures vanquished

Notes
Turn   | Place    | Note
--------------------------------------------------------------
     0 | D:1      | dtsund, the Felid Transmuter, began the quest for the Orb.
     0 | D:1      | Reached XP level 1. HP: 9/9 MP: 1/1
   267 | D:1      | Reached XP level 2. HP: 4/12 MP: 2/3
   469 | D:1      | Learned a level 1 spell: Fulsome Distillation
   472 | D:1      | Learned a level 2 spell: Evaporate
  1074 | D:1      | Reached skill level 1 in Stealth
  1221 | D:2      | Noticed Ijyb
  1356 | D:2      | Reached XP level 3. HP: 16/16 MP: 2/5
  2064 | D:2      | Defeated Ijyb
  2251 | D:3      | Found a glowing golden altar of the Shining One.
  2253 | D:3      | Found a sparkling altar of Nemelex Xobeh.
  2257 | D:3      | Became a worshipper of Nemelex Xobeh
  2311 | D:3      | Noticed Sigmund
  2419 | D:3      | Reached XP level 4. HP: 19/19 MP: 2/7
  2427 | D:3      | Found a glowing drain.
  2454 | D:3      | Reached skill level 1 in Stabbing 2470
                  | sewer
                  | Entered the sewers 2576
                  | sewer
                  | Reached skill level 4 in Unarmed Combat 2797
                  | sewer
                  | Reached XP level 5. HP: 25/25 MP: 5/9 2924
                  | sewer
                  | Reached skill level 5 in Unarmed Combat 2955
                  | sewer
                  | HP: 1/25 [poisoned by a small snake] 3107
                  | sewer
                  | Reached skill level 1 in Necromancy 3375
                  | sewer
                  | Gained mutation: You are covered in thick fur (AC +2). 3375
                  | sewer
                  | Reached XP level 6. HP: 12/28 MP: 8/11 3839
                  | sewer
                  | Received a gift from Nemelex Xobeh
  3876 | D:3      | Found a shimmering altar of Xom.
  3882 | D:3      | Found a shimmering altar of Xom.
  3882 | D:3      | Found a shimmering altar of Xom.
  3883 | D:3      | Found a shimmering altar of Xom.
  3884 | D:3      | Found a shimmering altar of Xom.
  3899 | D:3      | Noticed Jessica
  3906 | D:3      | Defeated Jessica
  4063 | D:3      | Reached skill level 1 in Fire Magic
  4078 | D:3      | Defeated Sigmund
  4235 | D:3      | Learned a level 2 spell: Sticks to Snakes
  4239 | D:3      | Learned a level 3 spell: Spider Form
  4241 | D:3      | Found an ancient bone altar of Kikubaaqudgha.
  4242 | D:3      | Reached skill level 1 in Traps & Doors
  5127 | D:4      | Noticed a giant slug
  5128 | D:4      | Found a snail-covered altar of Cheibriados.
  5130 | D:4      | Noticed a giant slug
  5131 | D:4      | Noticed a giant slug
  5133 | D:4      | Reached skill level 6 in Unarmed Combat
  5251 | D:4      | Found Iwiseagy's Antique Armour Emporium.
  5372 | D:4      | Reached XP level 7. HP: 27/32 MP: 8/13
  5574 | D:4      | Found an ancient bone altar of Kikubaaqudgha.
  6540 | D:5      | Entered Level 5 of the Dungeon
  6564 | D:5      | Acquired Nemelex Xobeh's first power
  6564 | D:5      | Received a gift from Nemelex Xobeh
  7286 | D:5      | Received a gift from Nemelex Xobeh
  7678 | D:6      | Found a staircase to the Ecumenical Temple.
  7933 | D:6      | Found Iriomoi's Armour Shop.
  7944 | D:6      | Reached skill level 5 in Dodging
  8082 | D:6      | Reached skill level 7 in Unarmed Combat
  8088 | D:6      | Reached XP level 8. HP: 37/37 MP: 13/15
  8391 | D:6      | Gained mutation: You are agile (Dex +1).
  8811 | D:7      | Noticed Pikel
  8838 | D:7      | Shot with an arrow by a centaur
  8877 | D:7      | Defeated Pikel
  8877 | D:7      | Reached XP level 9. HP: 39/42 MP: 13/18
  8901 | D:7      | Found an iron altar of Okawaru.
  8990 | D:7      | Reached skill level 5 in Stealth
  9003 | D:7      | Reached skill level 8 in Unarmed Combat
  9076 | D:7      | Found a staircase to the Orcish Mines.
  9181 | D:7      | Acquired Nemelex Xobeh's second power
  9196 | D:7      | Noticed Blork the orc
  9201 | D:7      | Reached skill level 1 in Throwing
  9213 | D:7      | Defeated Blork the orc
  9386 | D:7      | Noticed Joseph
  9999 | D:7      | Reached skill level 9 in Unarmed Combat
 10001 | D:7      | Received a gift from Nemelex Xobeh
 10480 | D:8      | Received a gift from Nemelex Xobeh
 10773 | D:8      | Found a bloodstained altar of Trog.
 10773 | D:8      | Found a deep blue altar of Sif Muna.
 10820 | D:8      | Noticed a giant amoeba
 11381 | D:8      | Reached skill level 1 in Evocations
 11385 | D:8      | Reached skill level 5 in Fighting
 11429 | D:8      | Received a gift from Nemelex Xobeh
 11793 | D:8      | Received a gift from Nemelex Xobeh
 11822 | D:8      | Noticed an elven trident
 11822 | D:8      | Defeated a club
 11826 | D:8      | Acquired Nemelex Xobeh's third power
 11852 | D:8      | Reached XP level 10. HP: 50/50 MP: 14/19
 11880 | D:8      | Defeated a giant amoeba
 11977 | D:8      | Reached skill level 10 in Unarmed Combat
 12014 | D:9      | Noticed a white ugly thing
 12080 | D:9      | Received a gift from Nemelex Xobeh
 12083 | D:9      | Noticed an insubstantial wisp
 12083 | D:9      | Noticed an insubstantial wisp
 12086 | D:9      | Noticed a green ugly thing
 12096 | D:9      | Found a gateway to a ziggurat.
 12148 | D:9      | HanSolo: LOOK OUT FOR BORIS
 12171 | D:9      | Noticed Grinder
 12189 | D:9      | Defeated Grinder
 12452 | D:9      | Noticed Leibowitz's ghost
 12453 | D:9      | :|
 12527 | D:9      | Noticed a cyan ugly thing
 12528 | D:9      | Acquired Nemelex Xobeh's fourth power
 12539 | D:9      | Defeated a cyan ugly thing
 12549 | D:9      | Defeated Leibowitz's ghost
 12616 | D:9      | Found a bloodstained altar of Trog.
 12634 | D:9      | Noticed a cyclops skeleton
 12634 | D:9      | Received a gift from Nemelex Xobeh
 12636 | D:9      | :(
 12644 | D:9      | Defeated a cyclops skeleton
 12694 | D:9      | Reached skill level 1 in Summonings
 13314 | D:9      | Reached skill level 11 in Unarmed Combat
 13597 | D:9      | Received a gift from Nemelex Xobeh
 14165 | D:9      | Lost mutation: You are agile (Dex +1).
 14166 | D:9      | D:
 14406 | Temple   | Entered the Ecumenical Temple
 14427 | Temple   | Learned a level 2 spell: Throw Flame
 14793 | D:9      | Found a radiant altar of Vehumet.
 14925 | D:10     | Entered Level 10 of the Dungeon
 14931 | D:10     | Noticed Jozef
 14941 | D:10     | Noticed Harold
 14941 | D:10     | Noticed Sticking's ghost
 14941 | D:10     | ...
 14943 | D:10     | Found Siaf's Antique Weapon Shop.
 14977 | D:10     | Defeated Harold
 15022 | D:10     | Got an inconspicuous book
 15023 | D:10     | Identified the Incunabulum of Transmutation (You found it on level 10 of the Dungeon)
 15172 | D:10     | Reached skill level 5 in Transmutations
 15532 | D:10     | Noticed a bumblebee
 15540 | D:10     | Defeated a bumblebee
 15552 | D:10     | Reached XP level 11. HP: 45/55 MP: 22/22
 15570 | D:10     | Received a gift from Nemelex Xobeh
 15697 | D:10     | Noticed Erolcha
 15807 | D:10     | Defeated Erolcha
 15867 | D:10     | Received a gift from Nemelex Xobeh
 15902 | D:10     | Reached skill level 5 in Spellcasting
 16089 | D:10     | Noticed Maurice
 16103 | D:10     | Defeated Maurice
 16105 | D:10     | HanSolo: Careful, Maurice knows Steal Heart!
 16615 | D:10     | :D
 16616 | D:10     | Defeated Jozef
 16675 | D:10     | Received a gift from Nemelex Xobeh
 16695 | D:10     | Defeated Sticking's ghost
 16696 | D:10     | :D :D
 16780 | D:10     | Found a staircase to the Lair.
 17326 | Temple   | Learned a level 5 spell: Blade Hands
 17331 | Temple   | Learned a level 4 spell: Dig
 17444 | Lair:1   | Entered Level 1 of the Lair of Beasts
 17581 | Lair:1   | Identified a scroll of acquirement
 17605 | Lair:1   | Reached skill level 12 in Unarmed Combat
 17744 | Lair:1   | Noticed a bumblebee
 17744 | Lair:1   | Noticed a bumblebee
 17747 | Lair:1   | Received a gift from Nemelex Xobeh
 17767 | Lair:1   | Defeated a bumblebee
 18074 | Lair:1   | Oh yeah, I have a deck of wonders.
 18120 | Lair:1   | Gained mutation: Your thick and shaggy fur keeps you warm (AC +3, rC+).
 18120 | Lair:1   | Reached XP level 12. HP: 55/61 MP: 22/25
 18744 | Lair:1   | Reached skill level 10 in Transmutations
 19064 | Lair:1   | Received a gift from Nemelex Xobeh
 19313 | Lair:1   | Learned a level 2 spell: Sublimation of Blood
 19506 | Lair:1   | Found a crumbling entrance.
 19520 | Spider   | Entered a spider's nest
 19664 | Spider   | :|
 20217 | Spider   | Received a gift from Nemelex Xobeh
 20622 | Spider   | Reached skill level 13 in Unarmed Combat
 20701 | Spider   | Got a sparkling golden amulet
 21403 | Lair:1   | Reached skill level 10 in Dodging
 21609 | Lair:1   | You fall through a shaft!
 21686 | Lair:2   | Received a gift from Nemelex Xobeh
 21788 | Lair:2   | Reached XP level 13. HP: 62/64 MP: 25/28
 22166 | Lair:2   | Learned a level 2 spell: Blink
 22178 | Lair:2   | Learned a level 3 spell: Mephitic Cloud
 23105 | Lair:2   | Learned a level 3 spell: Slow
 23109 | Lair:2   | Reached skill level 1 in Enchantments
 23515 | Lair:2   | Reached skill level 5 in Enchantments
 23795 | Lair:2   | Reached XP level 14. HP: 70/70 MP: 29/30
 24104 | Lair:2   | Reached skill level 14 in Unarmed Combat
 24208 | Lair:2   | Reached skill level 5 in Necromancy
 24961 | Lair:2   | Reached skill level 1 in Maces & Flails
 24988 | Lair:2   | Reached skill level 1 in Translocations
 24996 | Lair:2   | Reached skill level 10 in Spellcasting
 25423 | Lair:2   | Received a gift from Nemelex Xobeh
 25541 | Lair:1   | Reached skill level 5 in Evocations
 26138 | Lair:3   | Found a staircase to the Snake Pit.
 26139 | Lair:3   | Noticed a wolf spider
 26148 | Lair:3   | Defeated a wolf spider
 26633 | Lair:3   | Received a gift from Nemelex Xobeh
 26914 | Lair:3   | Gained mutation: Your mind is acute (Int +1).
 27333 | Lair:4   | Found a labyrinth entrance.
 27375 | Lab      | Entered a Labyrinth
 27857 | Lab      | Received a gift from Nemelex Xobeh
 28218 | Lair:4   | Gained mutation: You are agile (Dex +1).
 28616 | Lair:4   | Received a gift from Nemelex Xobeh
 28846 | Lair:4   | Found an iron altar of Okawaru.
 29264 | Lair:5   | Noticed Maud
 29287 | Lair:5   | Acquired Nemelex Xobeh's fifth power
 29296 | Lair:5   | Received a gift from Nemelex Xobeh
 29343 | Lair:5   | Defeated Maud
 29740 | Lair:5   | Found a staircase to the Shoals.
 30191 | Lair:5   | Noticed Erica
 30239 | Lair:5   | Defeated Erica
 30252 | Lair:5   | Received a gift from Nemelex Xobeh
 30840 | Lair:6   | Found a staircase to the Slime Pits.
 31320 | Lair:6   | Received a gift from Nemelex Xobeh
 32241 | Lair:7   | Received a gift from Nemelex Xobeh
 32725 | Lair:1   | Learned a level 4 spell: Control Teleport
 33353 | Lair:7   | Received a gift from Nemelex Xobeh
 33576 | Lair:7   | Reached skill level 1 in Conjurations
 33582 | Lair:7   | Received a gift from Nemelex Xobeh
 34053 | Lair:7   | Received a gift from Nemelex Xobeh
 34099 | Lair:7   | Reached XP level 15. HP: 66/77 MP: 28/32
 34268 | Lair:7   | Reached skill level 15 in Unarmed Combat
 34298 | Lair:8   | Entered Level 8 of the Lair of Beasts
 34466 | Lair:7   | Received a gift from Nemelex Xobeh
 35114 | Lair:8   | Received a gift from Nemelex Xobeh
 35246 | Lair:8   | HP: 3/77 [blink frog (6)]
 35250 | Lair:8   | Mangled by a giant toad
 35269 | Lair:8   | Noticed Gastronok
 35282 | Lair:8   | Received a gift from Nemelex Xobeh
 35297 | Lair:8   | Defeated Gastronok
 35819 | Lair:8   | Reached skill level 10 in Stealth
 36011 | Lair:8   | Lost mutation: You are agile (Dex +1).
 36011 | Lair:8   | Received a gift from Nemelex Xobeh
 36350 | Lair:8   | Reached XP level 16. HP: 70/80 MP: 25/33
 36385 | Lair:8   | Received a gift from Nemelex Xobeh
 36404 | Lair:8   | Reached skill level 5 in Staves
 37330 | Lair:8   | Reached XP level 17. HP: 87/87 MP: 35/35
 38349 | Lair:1   | Reached skill level 5 in Conjurations
 39359 | Lair:1   | Reached XP level 18. HP: 91/91 MP: 33/37
 39714 | Lair:1   | Learned a level 4 spell: Sticky Flame
 41057 | D:12     | Noticed Psyche
 41060 | D:12     | Found Mnef's Weapon Boutique.
 41068 | D:12     | Defeated Psyche
 41072 | D:12     | Noticed Josephine
 41080 | D:12     | Received a gift from Nemelex Xobeh
 41220 | D:12     | Found Veanaer's Antique Weapon Boutique.
 41261 | D:12     | Noticed Sonja
 41274 | D:12     | Defeated Sonja
 41659 | D:12     | Reached skill level 10 in Fighting
 41713 | D:12     | Reached XP level 17. HP: 88/89 MP: 34/36
 41719 | D:12     | Defeated Josephine
 41719 | D:12     | Reached XP level 18. HP: 68/95 MP: 36/37
 42183 | D:12     | Got a rare book
 42184 | D:12     | Identified the Papyrus of Unholy Fascination (You acquired it on level 12 of the Dungeon)
 42703 | Orc:1    | Entered Level 1 of the Orcish Mines
 42754 | Orc:2    | Received a gift from Nemelex Xobeh
 43198 | Orc:4    | Entered Level 4 of the Orcish Mines
 43229 | Orc:4    | Received a gift from Nemelex Xobeh
 43427 | Orc:4    | Noticed sanka's ghost
 43464 | Orc:4    | Reached XP level 17. HP: 81/89 MP: 32/36
 43474 | Orc:4    | XOM: summons friendly midge
 43477 | Orc:4    | Reached XP level 18. HP: 89/95 MP: 26/37
 43541 | Orc:4    | Defeated sanka's ghost
 43609 | Orc:4    | Received a gift from Nemelex Xobeh
 43695 | Orc:4    | Found Twafet's Weapon Shoppe.
 44315 | Orc:3    | Noticed Grum
 44318 | Orc:3    | Defeated Grum
 44613 | Orc:2    | Received a gift from Nemelex Xobeh
 45164 | Snake:1  | Entered Level 1 of the Snake Pit
 45358 | Snake:1  | Received a gift from Nemelex Xobeh
 46333 | Snake:1  | Received a gift from Nemelex Xobeh
 46602 | Snake:1  | Noticed Nikola
 46955 | Snake:1  | Received a gift from Nemelex Xobeh
 46967 | Snake:1  | Defeated Nikola
 48646 | Snake:2  | Noticed Snorg
 48652 | Snake:2  | Received a gift from Nemelex Xobeh
 48702 | Snake:2  | Defeated Snorg
 49533 | Snake:3  | Reached skill level 16 in Unarmed Combat
 50040 | Snake:3  | Received a gift from Nemelex Xobeh
 50693 | Snake:3  | Received a gift from Nemelex Xobeh
 50990 | Snake:4  | Received a gift from Nemelex Xobeh
 51480 | Snake:4  | Noticed Rupert
 51485 | Snake:4  | Received a gift from Nemelex Xobeh
 51537 | Snake:4  | Defeated Rupert
 51620 | Snake:4  | Noticed Nergalle
 51629 | Snake:4  | Defeated Nergalle
 52040 | Snake:5  | Entered Level 5 of the Snake Pit
 52067 | Snake:5  | Received a gift from Nemelex Xobeh
 52586 | Snake:5  | Noticed Saint Roka
 52602 | Snake:5  | Received a gift from Nemelex Xobeh
 53366 | Snake:5  | Received a gift from Nemelex Xobeh
 53417 | Snake:5  | Noticed Donald
 53515 | Snake:4  | Reached XP level 19. HP: 99/99 MP: 30/37
 54022 | Snake:4  | Reached skill level 10 in Enchantments
 54347 | Snake:5  | Received a gift from Nemelex Xobeh
 54370 | Snake:5  | Defeated Saint Roka
 57232 | Snake:5  | Got a serpentine rune of Zot
 57371 | Snake:5  | Defeated Donald
 58154 | D:13     | Found a flagged portal. 58202
                  | bailey
                  | Entered the bailey 58379
                  | bailey
                  | Received a gift from Nemelex Xobeh
 59640 | D:13     | Found a glowing silver altar of Zin.
 59800 | D:13     | Received a gift from Nemelex Xobeh
 59802 | D:13     | Innnteresting
 59806 | D:13     | XOM: vitrification
 59809 | D:13     | Gained mutation: Your muscles are strong (Str +1).
 60471 | D:14     | Noticed Lemuel's ghost
 60473 | D:14     | Received a gift from Nemelex Xobeh
 60493 | D:14     | Defeated Lemuel's ghost
 60788 | D:14     | Learned a level 6 spell: Ignite Poison
 60921 | D:14     | Found Gyxtayha's Magical Wand Emporium.
 61351 | D:15     | Entered Level 15 of the Dungeon
 61599 | D:15     | Lost mutation: Your mind is acute (Int +1).
 61599 | D:15     | Gained mutation: You are frail (-10% HP).
 61635 | D:15     | Noticed Norris
 61639 | D:15     | Received a gift from Nemelex Xobeh
 62173 | D:15     | Found a staircase to the Vaults.
 62436 | D:15     | Received a gift from Nemelex Xobeh
 62442 | D:15     | Got a shimmering marble ring
 62443 | D:15     | Identified the ring "Schiypn" (You found it on level 15 of the Dungeon)
 62653 | D:15     | Noticed a frost giant
 62717 | D:15     | Defeated a frost giant
 63388 | D:15     | Defeated Norris
 63388 | D:15     | Reached XP level 20. HP: 77/92 MP: 29/38
 64176 | D:16     | Received a gift from Nemelex Xobeh
 64824 | D:16     | Noticed an orc sorcerer
 64846 | D:16     | Defeated an orc sorcerer
 64850 | D:16     | Spaghetti: Felids are very sexual creatures.
 64989 | D:16     | Defeated a deep elf sorcerer
 65081 | D:16     | :|
 65518 | D:17     | Found a portal to a secret trove of treasure.
 66052 | D:6      | Bought a +3 orcish chain mail of magic resistance for 1303 gold pieces
 66486 | D:17     | You paid a toll of a +3 chain mail of magic resistance to enter a treasure trove. 66487
                  | trove
                  | Entered a treasure trove 66535
                  | trove
                  | Got a scintillating bone ring 66604
                  | trove
                  | Identified the ring of Ephemeral Luck (You found it in a treasure trove)
 66725 | D:17     | HanSolo: Jesus, everything is DYING!
 66725 | D:17     | That's Blade Paws for ya.
 67540 | D:14     | Found a staircase to the Hive.
 67541 | D:14     | Aha.
 67545 | Hive:1   | Entered Level 1 of the Hive
 68332 | Hive:1   | Received a gift from Nemelex Xobeh
 68344 | Hive:2   | Entered Level 2 of the Hive
 69288 | Hive:2   | FFFFFFFFF
 69296 | Hive:2   | Received a gift from Nemelex Xobeh
 70099 | Hive:2   | Received a gift from Nemelex Xobeh
 70926 | Hive:2   | Received a gift from Nemelex Xobeh
 71101 | Hive:2   | HOW DO YOU LIKE THEM CRYSTAL SPEARS, OKLOBS?
 71103 | Hive:2   | Received a gift from Nemelex Xobeh
 71971 | Shoals:1 | Entered Level 1 of the Shoals
 72407 | Shoals:1 | Noticed Polyphemus
 72411 | Shoals:1 | Defeated Polyphemus
 72471 | Shoals:1 | Received a gift from Nemelex Xobeh
 72701 | Shoals:1 | Reached skill level 5 in Stabbing
 73511 | Lair:1   | Learned a level 6 spell: Haste
 73521 | Lair:1   | Learned a level 2 spell: Swiftness
 73772 | Shoals:2 | Received a gift from Nemelex Xobeh
 73774 | Shoals:2 | Lost mutation: You are frail (-10% HP).
 73847 | Shoals:1 | Lost mutation: Your muscles are strong (Str +1).
 75159 | Shoals:3 | Received a gift from Nemelex Xobeh
 75409 | Shoals:3 | Reached skill level 1 in Air Magic
 75692 | Shoals:4 | Received a gift from Nemelex Xobeh
 75908 | Shoals:4 | Noticed Aizul
 75929 | Shoals:4 | Defeated Aizul
 76474 | Lair:1   | Learned a level 6 spell: Deflect Missiles
 76762 | Vault:1  | Entered Level 1 of the Vaults
 76871 | Vault:1  | Received a gift from Nemelex Xobeh
 76924 | Vault:1  | Gained mutation: You tend to lose your temper in combat.
 76924 | Vault:1  | Gained mutation: Armour fits poorly on your unusually shaped body.
 76925 | Vault:1  | Reached XP level 21. HP: 90/107 MP: 34/39
 76935 | Vault:1  | Reached skill level 17 in Unarmed Combat
 77074 | Vault:1  | Lost mutation: You tend to lose your temper in combat.
 77074 | Vault:1  | Gained mutation: You are partially covered in large bone plates (AC +2, SH +2).
 77223 | Vault:1  | Received a gift from Nemelex Xobeh
 78232 | Vault:1  | Yeah, right.
 78261 | Vault:2  | Found Chaon's Food Shop.
 78264 | Vault:2  | Found a deep blue altar of Sif Muna.
 78283 | Vault:2  | Bought a lychee for 4 gold pieces
 78283 | Vault:2  | Bought a choko for 4 gold pieces
 78283 | Vault:2  | Bought 8 sultanas for 8 gold pieces
 78283 | Vault:2  | Bought a choko for 4 gold pieces
 78283 | Vault:2  | Bought a lemon for 12 gold pieces
 78347 | Vault:2  | Found Pivaiq's Magical Wand Emporium.
 78549 | Vault:2  | Found Kean's Magic Scroll Shop.
 78573 | Vault:2  | Bought a scroll of amnesia for 75 gold pieces
 78685 | Vault:2  | Found Cynkoupa's Distillery.
 78775 | Vault:2  | Found Mugret's Antique Armour Boutique.
 78932 | Vault:2  | Received a gift from Nemelex Xobeh
 78985 | Vault:3  | Noticed a deep elf summoner
 79001 | Vault:3  | Defeated a deep elf summoner
 79761 | Vault:3  | Noticed a deep elf mage
 79781 | Vault:3  | Defeated a deep elf mage
 80770 | Vault:3  | Noticed Frances
 80791 | Vault:3  | Defeated Frances
 81099 | Vault:3  | Found Hantu's Assorted Antiques.
 81104 | Vault:3  | Bought 3 scrolls of identify for 144 gold pieces
 81104 | Vault:3  | Bought a glowing bone wand for 480 gold pieces
 81246 | Vault:4  | Received a gift from Nemelex Xobeh
 81438 | Vault:4  | Found an ancient bone altar of Kikubaaqudgha.
 81438 | Vault:4  | Found a staircase to the Crypt.
 81438 | Vault:4  | Found a basalt altar of Yredelemnul.
 81465 | Vault:4  | Reached skill level 5 in Fire Magic
 82392 | Vault:4  | Noticed Mara
 82466 | Vault:4  | Received a gift from Nemelex Xobeh
 82473 | Vault:4  | Noticed dtsund's ghost
 82506 | Vault:4  | Reached skill level 10 in Conjurations
 83081 | Vault:4  | Noticed dtsund's ghost
 83083 | Vault:4  | Received a gift from Nemelex Xobeh
 83088 | Vault:4  | Noticed a giant bat
 83091 | Vault:4  | Defeated a giant bat
 83254 | Vault:4  | Noticed a flail
 83258 | Vault:4  | Defeated a club
 83282 | Vault:4  | What the hell are you doing, go back and kill him.
 83317 | Vault:4  | Received a gift from Nemelex Xobeh
 83438 | Vault:4  | Noticed dtsund's ghost
 83759 | Vault:4  | Defeated Mara
 83915 | Vault:5  | Got a smoking steel ring
 83916 | Vault:5  | Identified the ring of Absolutism (You acquired it on level 5 of the Vaults)
 83923 | Vault:5  | Reached skill level 15 in Transmutations
 83959 | Vault:5  | Found a staircase to the Hall of Blades.
 84532 | Vault:5  | Received a gift from Nemelex Xobeh
 85112 | Vault:6  | Found Pnaaxeaq's Armour Shoppe.
 85186 | Vault:6  | Received a gift from Nemelex Xobeh
 85224 | Vault:6  | Found a flickering gateway to a bazaar. 85234
                  | bazaar
                  | Entered a bazaar 85234
                  | bazaar
                  | Found Zaog's Antique Weapon Boutique. 85241
                  | bazaar
                  | Found Bludarocse's Magic Scroll Emporium. 85247
                  | bazaar
                  | Found Streifavo's Antique Armour Emporium. 85249
                  | bazaar
                  | Bought 2 scrolls of identify for 40 gold pieces 85249
                  | bazaar
                  | Bought a scroll of identify for 20 gold pieces 85249
                  | bazaar
                  | Bought a scroll of amnesia for 50 gold pieces 85249
                  | bazaar
                  | Bought a scroll of amnesia for 50 gold pieces 85249
                  | bazaar
                  | Bought a scroll of blinking for 30 gold pieces 85249
                  | bazaar
                  | Bought a scroll of enchant weapon II for 55 gold pieces 85249
                  | bazaar
                  | Bought a scroll of enchant weapon I for 48 gold pieces 85249
                  | bazaar
                  | Bought a scroll of enchant weapon II for 55 gold pieces 85249
                  | bazaar
                  | Bought a scroll of torment for 75 gold pieces 85249
                  | bazaar
                  | Bought a scroll of identify for 20 gold pieces 85249
                  | bazaar
                  | Bought a scroll of paper for 1 gold piece 85249
                  | bazaar
                  | Bought a scroll of random uselessness for 2 gold pieces 85249
                  | bazaar
                  | Bought a scroll of magic mapping for 35 gold pieces 85249
                  | bazaar
                  | Bought a scroll of noise for 2 gold pieces 85283
                  | bazaar
                  | Found Futhetz's General Store. 85292
                  | bazaar
                  | Bought a potion of heal wounds for 21 gold pieces 85335
                  | bazaar
                  | Found Kaptiuch's Magical Wand Shoppe.
 85535 | Vault:6  | Noticed a crystal golem
 85576 | Vault:6  | Defeated a crystal golem
 85576 | Vault:6  | Reached XP level 22. HP: 75/113 MP: 26/39
 85584 | Vault:6  | Reached skill level 18 in Unarmed Combat
 85944 | Vault:6  | Received a gift from Nemelex Xobeh
 86148 | Vault:3  | Noticed a deep elf priest
 86153 | Vault:3  | Defeated a deep elf priest
 86390 | Lair:1   | Learned a level 4 spell: Flight
 86687 | D:16     | Noticed a toenail golem
 86687 | D:16     | Noticed a toenail golem
 86687 | D:16     | Noticed a toenail golem
 86687 | D:16     | Noticed a toenail golem
 86694 | D:16     | Defeated a toenail golem
 86696 | D:16     | Defeated a toenail golem
 86703 | D:16     | Defeated a toenail golem
 86707 | D:16     | Defeated a toenail golem
 86804 | D:16     | Received a gift from Nemelex Xobeh
 86806 | D:16     | Noticed a bumblebee
 86810 | D:16     | Defeated a bumblebee
 87018 | D:16     | Reached skill level 5 in Air Magic
 87041 | D:16     | Noticed a lich
 87046 | D:16     | Defeated a lich
 87278 | D:16     | Noticed a crystal golem
 87280 | D:16     | Noticed an ancient lich
 87361 | D:16     | Noticed a crystal golem
 87361 | D:16     | Defeated a crystal golem
 87376 | D:16     | Defeated a crystal golem
 87390 | D:16     | Defeated an ancient lich
 87835 | D:16     | Noticed a crystal golem
 87836 | D:16     | Noticed a crystal golem
 87848 | D:16     | Defeated a crystal golem
 87870 | D:16     | Defeated a crystal golem
 87876 | D:16     | Got a glistering book
 87877 | D:16     | Identified the Collected Works on Attacks (You found it on level 16 of the Dungeon)
 88665 | Shoals:5 | Entered Level 5 of the Shoals
 89139 | Shoals:5 | Received a gift from Nemelex Xobeh
 89446 | Shoals:5 | Got a barnacled rune of Zot
 89746 | Lair:1   | Learned a level 5 spell: Teleport Self
 90074 | D:18     | Received a gift from Nemelex Xobeh
 91490 | D:19     | Reached skill level 5 in Traps & Doors
 91886 | D:20     | Entered Level 20 of the Dungeon
 91969 | D:20     | Reached skill level 5 in Translocations
 92089 | D:20     | Noticed Wiglaf
 92094 | D:20     | Received a gift from Nemelex Xobeh
 92096 | D:20     | A polar bear changed into a pulsating lump
 92125 | D:20     | Wiglaf changed into Wiglaf the acid blob
 92128 | D:20     | Wiglaf the acid blob changed into Wiglaf the shadow dragon
 92157 | D:20     | Noticed Boris
 92180 | D:20     | Defeated Wiglaf the shadow dragon
 92319 | D:20     | Noticed a vapour
 92319 | D:20     | Noticed a vapour
 92321 | D:20     | Defeated a vapour
 92327 | D:20     | Defeated a vapour
 92330 | D:20     | Received a gift from Nemelex Xobeh
 92372 | D:20     | Defeated Boris
 92918 | D:21     | Noticed Margery
 93077 | D:21     | Found a gateway to Hell.
 93101 | D:21     | Noticed Frederick
 93114 | D:21     | Defeated Frederick
 93116 | D:21     | Received a gift from Nemelex Xobeh
 93461 | D:21     | Noticed Mennas
 94310 | D:21     | Found a one-way gate to the infinite horrors of the Abyss.
 94319 | D:21     | Noticed a deep elf mage
 94320 | D:21     | Noticed a deep elf priest
 94391 | D:21     | Received a gift from Nemelex Xobeh
 94678 | D:21     | Received a gift from Nemelex Xobeh
 94837 | D:21     | Defeated Margery
 94860 | D:21     | Noticed a deep elf mage
 94868 | D:21     | Defeated a deep elf mage
 94888 | D:21     | Defeated a deep elf mage
 94890 | D:21     | Defeated a deep elf priest
 94975 | D:21     | Noticed a deep elf mage
 94978 | D:21     | Defeated a deep elf mage
 94995 | D:21     | Noticed a deep elf conjurer
 94998 | D:21     | Noticed a deep elf priest
 94999 | D:21     | Defeated a deep elf conjurer
 95009 | D:21     | Defeated a deep elf priest
 95011 | D:21     | Received a gift from Nemelex Xobeh
 95238 | D:21     | Defeated a deep elf conjurer
 95364 | D:21     | Received a gift from Nemelex Xobeh
 95415 | D:21     | Noticed a glowing trident
 95429 | D:21     | Defeated Mennas
 95939 | D:22     | Received a gift from Nemelex Xobeh
 95966 | D:22     | Oh god no.
 96370 | D:22     | Reached skill level 1 in Poison Magic
 96447 | D:22     | Found a glowing golden altar of the Shining One.
 97292 | D:23     | Found Phuifuc's Assorted Antiques.
 97331 | D:23     | Received a gift from Nemelex Xobeh
 97346 | D:23     | Bought a hardcover book for 660 gold pieces
 97603 | D:23     | Found Rufir's General Store.
 97616 | D:23     | Bought a scroll of identify for 38 gold pieces
 97616 | D:23     | Bought a scroll of recharging for 95 gold pieces
 97924 | D:23     | An alligator snapping turtle changed into a shadow dragon
 97930 | D:23     | A shadow dragon changed into a fire giant
 98430 | D:24     | Found a one-way gate leading to the halls of Pandemonium.
 99002 | D:25     | Entered Level 25 of the Dungeon
 99006 | D:25     | Noticed a deep elf priest
 99010 | D:25     | Defeated a deep elf priest
 99012 | D:25     | Noticed a deep elf mage
 99019 | D:25     | Noticed an orcish spiked flail
 99020 | D:25     | Received a gift from Nemelex Xobeh
 99022 | D:25     | Defeated a dagger
 99031 | D:25     | Reached XP level 23. HP: 27/116 MP: 17/40
 99035 | D:25     | HP: 5/116 [yaktaur captain (19)]
 99043 | D:25     | HP: 5/116 [deep elf knight/magic dart (10)]
 99502 | D:25     | Defeated a deep elf mage
 99696 | D:25     | Received a gift from Nemelex Xobeh
 99989 | D:25     | Reached skill level 19 in Unarmed Combat
100344 | D:25     | Received a gift from Nemelex Xobeh
100501 | D:25     | Got a blackened book
100502 | D:25     | Identified Cloim's Almanac of Black Rites and Poisoning (You found it on level 25 of the Dungeon)
101235 | D:26     | Found a flickering gateway to a bazaar. 101259
                  | bazaar
                  | Entered a bazaar 101273
                  | bazaar
                  | Found Ywytruas' Assorted Antiques. 101277
                  | bazaar
                  | Bought a scroll of amnesia for 150 gold pieces 101288
                  | bazaar
                  | Found Usmaemag's Assorted Antiques. 101288
                  | bazaar
                  | Found Naryahoeq's Distillery. 101292
                  | bazaar
                  | Bought a scroll of acquirement for 1144 gold pieces 101299
                  | bazaar
                  | Bought a potion of cure mutation for 180 gold pieces 101310
                  | bazaar
                  | Found Oweum's Magical Wand Shoppe. 101324
                  | bazaar
                  | Found Upups' Weapon Emporium.
101694 | D:26     | Found Scheucoxo's Weapon Shoppe.
101935 | D:26     | You fall through a shaft!
101935 | D:27     | Entered Level 27 of the Dungeon
101935 | D:27     | Found a glowing golden altar of the Shining One.
102745 | D:27     | Mangled by a frost giant (glowing shapeshifter)
102757 | D:27     | Reached skill level 15 in Dodging
102773 | D:27     | Received a gift from Nemelex Xobeh
103337 | D:27     | A komodo dragon changed into a shining eye
103339 | D:27     | A shining eye changed into a cyclops
103380 | D:27     | Received a gift from Nemelex Xobeh
103811 | D:27     | A swamp dragon changed into a pulsating lump
104753 | D:27     | Found Qoxah's Armour Boutique.
104895 | D:26     | Found Strovi Psoepi's Distillery.
104910 | D:26     | Received a gift from Nemelex Xobeh
104915 | D:26     | XOM: miscast effect
104957 | D:26     | Reached skill level 1 in Shields
105010 | D:26     | Bought a potion of restore abilities for 100 gold pieces
105010 | D:26     | Bought a potion of restore abilities for 100 gold pieces
105635 | D:26     | Received a gift from Nemelex Xobeh
105821 | D:26     | Received a gift from Nemelex Xobeh
106093 | D:26     | Found Ununtaomn's Food Boutique.
106107 | D:26     | Bought a bread ration for 56 gold pieces
106107 | D:26     | Bought a bread ration for 56 gold pieces
106107 | D:26     | Bought a bread ration for 56 gold pieces
106107 | D:26     | Bought an apple for 11 gold pieces
106107 | D:26     | Bought a bread ration for 56 gold pieces
106107 | D:26     | Bought a lemon for 16 gold pieces
106107 | D:26     | Bought a bread ration for 56 gold pieces
106107 | D:26     | Bought a bread ration for 56 gold pieces
106107 | D:26     | Bought 15 grapes for 21 gold pieces
106741 | Lair:1   | Learned a level 5 spell: Borgnjor's Revivification
107029 | Crypt:1  | Entered Level 1 of the Crypt
107229 | Crypt:1  | Received a gift from Nemelex Xobeh
107235 | Crypt:1  | Reached XP level 24. HP: 60/123 MP: 31/41
107529 | Lair:1   | Learned a level 1 spell: Animate Skeleton
108208 | Vault:7  | Received a gift from Nemelex Xobeh
108216 | Vault:7  | Reached XP level 25. HP: 120/127 MP: 19/42
108494 | Vault:6  | Reached XP level 26. HP: 129/129 MP: 36/43
108510 | Vault:6  | Reached skill level 15 in Enchantments
108930 | Vault:7  | Received a gift from Nemelex Xobeh
108941 | Vault:7  | Reached XP level 25. HP: 108/123 MP: 27/42
108958 | Vault:7  | Reached XP level 26. HP: 115/129 MP: 18/43
109634 | Vault:7  | Received a gift from Nemelex Xobeh
110059 | Vault:7  | Reached skill level 20 in Unarmed Combat
110362 | Vault:8  | Entered Level 8 of the Vaults
110386 | Vault:8  | Received a gift from Nemelex Xobeh
110458 | Vault:8  | Got a silver rune of Zot
110463 | Vault:8  | Got a droning book
110464 | Vault:8  | Identified the Catalogue of Stones (You found it on level 8 of the Vaults)
110777 | Lair:1   | Learned a level 4 spell: Insulation
111350 | Zot:1    | Entered Level 1 of the Realm of Zot
111389 | Zot:1    | Received a gift from Nemelex Xobeh
111658 | Zot:1    | Noticed an orb of fire
111749 | Zot:2    | Noticed an orb of fire
112822 | Lair:1   | Learned a level 1 spell: Apportation
112824 | Lair:1   | Learned a level 1 spell: Summon Butterflies
113708 | Zot:1    | Received a gift from Nemelex Xobeh
114359 | Zot:5    | Entered Level 5 of the Realm of Zot
114835 | Zot:5    | Got the Orb of Zot
114837 | Zot:5    | Noticed an ancient lich
115528 | D:$      | Escaped with the Orb!
